 Dungeon Crawl Stone Soup version 0.30-a0-918-g0ff054e9dc (webtiles) character file.

Game seed: 1610367553965391510

571 Darkkill the Skirmisher (level 7, -27/103 HPs)
             Began as a Minotaur Hunter on Mar 20, 2023.
             Killed from afar by an oklob plant (29 damage)
             ... with a splash of acid
             ... created by the enmity of Fedhas Madash
             ... on level 3 of the Dungeon.
             The game lasted 00:04:43 (1752 turns).

Darkkill the Skirmisher (Minotaur Hunter)           Turns: 1752, Time: 00:04:44

Health: -27/103    AC: 15    Str: 15    XL:     7   Next: 12%
Magic:  6/6        EV:  2    Int:  6    God:
Gold:   100        SH:  0    Dex: 16    Spells: 6/6 levels left

rFire   . . .      SeeInvis .    a - +0 shortbow
rCold   . . .      Faith    .    (shield currently unavailable)
rNeg    . . .      Spirit   .    c - melded +0 leather armour
rPois   +          Reflect  .    (helmet currently unavailable)
rElec   .          Rampage  .    (cloak currently unavailable)
rCorr   .          NoTele   +    d - melded +0 pair of gloves
Will    .....                    (boots currently unavailable)
Stlth   +++                      (no amulet)
HPRegen 0.37/turn                (no ring)
MPRegen 0.10/turn                (no ring)

@: tree-form, corroded
A: stationary, stasis, torment immunity, boosted hp, (horns 2), (retaliatory
headbutt)
a: no special abilities


You were on level 3 of the Dungeon.
You were a tree.
You visited 1 branch of the dungeon, and saw 3 of its levels.

You collected 100 gold pieces.

Inventory:

Hand Weapons
 a - a +0 shortbow (weapon)
Missiles
 e - 6 stones
Armour
 c - a +0 leather armour (melded)
 d - a +0 pair of gloves (melded)
Scrolls
 b - a scroll of immolation
Potions
 g - a potion of lignification


   Skills:
 + Level 8.6 Fighting
 + Level 11.2 Ranged Weapons
 + Level 7.9 Dodging
 + Level 6.2 Stealth


You had 6 spell levels left.
You didn't know any spells.
Your spell library was empty.

Dungeon Overview and Level Annotations

Branches:
Dungeon (3/15)

Altars:
Fedhas

Annotations:
D:3 exclusion: oklob plant


Innate Abilities, Weirdness & Mutations

You are a tree.
Your roots penetrate the ground, keeping you stationary.
You cannot be teleported.
You are immune to unholy pain and torment.
Your maximum health is greatly increased.
Your equipment is partially melded.
((You have a pair of horns on your head.))
((You reflexively headbutt those who attack you in melee.))


Message History

The oklob plant spits acid at you. The splash of acid misses you.
Fire: a) +0 shortbow
Press: ? - help, Q - select action, (/) - cycle Shift-Dir - straight line, f/p - oklob plant
Aim: an oklob plant (heavily damaged, durably summoned, 98% to hit)
You shoot an arrow. The arrow hits the oklob plant!
The oklob plant is heavily damaged.
The oklob plant spits acid at you. The splash of acid hits you!
The acid corrodes you!
Fire: a) +0 shortbow
Press: ? - help, Q - select action, (/) - cycle Shift-Dir - straight line, f/p - oklob plant
Aim: an oklob plant (heavily damaged, durably summoned, 98% to hit)
You shoot an arrow.
The arrow hits the oklob plant but does no damage.
The oklob plant is heavily damaged.
Fire: a) +0 shortbow
Press: ? - help, Q - select action, (/) - cycle Shift-Dir - straight line, f/p - oklob plant
Aim: an oklob plant (heavily damaged, durably summoned, 98% to hit)
You shoot an arrow. The arrow hits the oklob plant.
The oklob plant is heavily damaged.
Fire: a) +0 shortbow
Press: ? - help, Q - select action, (/) - cycle Shift-Dir - straight line, f/p - oklob plant
Aim: an oklob plant (heavily damaged, durably summoned, 98% to hit)
You shoot an arrow.
The arrow hits the oklob plant but does no damage.
The oklob plant is heavily damaged.
Fire: a) +0 shortbow
Press: ? - help, Q - select action, (/) - cycle Shift-Dir - straight line, f/p - oklob plant
Aim: an oklob plant (heavily damaged, durably summoned, 98% to hit)
You shoot an arrow.
The arrow hits the oklob plant but does no damage.
The oklob plant is heavily damaged.
The oklob plant spits acid at you. The splash of acid hits you!!
* * * LOW HITPOINT WARNING * * *
Fire: a) +0 shortbow
Press: ? - help, Q - select action, (/) - cycle Shift-Dir - straight line, f/p - oklob plant
Aim: an oklob plant (heavily damaged, durably summoned, 98% to hit)
You shoot an arrow. The arrow hits the oklob plant.
The oklob plant is heavily damaged.
Unknown command.
It was a potion of curing.
You feel better.
Really quaff the potion of lignification?
You turn into a tree.
Your +0 pair of gloves melds into your body.
Your +0 leather armour melds into your body.
Your roots penetrate the ground.
The oklob plant spits acid at you. The splash of acid hits you.
* * * LOW HITPOINT WARNING * * *
Fire: a) +0 shortbow
Press: ? - help, Q - select action, (/) - cycle Shift-Dir - straight line, f/p - oklob plant
Aim: an oklob plant (heavily damaged, durably summoned, 98% to hit)
You shoot an arrow.
The arrow hits the oklob plant but does no damage.
The oklob plant is heavily damaged.
The oklob plant spits acid at you. The splash of acid hits you!
* * * LOW HITPOINT WARNING * * *
The acid corrodes you!
Fire: a) +0 shortbow
Press: ? - help, Q - select action, (/) - cycle Shift-Dir - straight line, f/p - oklob plant
Aim: an oklob plant (heavily damaged, durably summoned, 98% to hit)
You shoot an arrow. The arrow hits the oklob plant!
The oklob plant is severely damaged.
Fire: a) +0 shortbow
Press: ? - help, Q - select action, (/) - cycle Shift-Dir - straight line, f/p - oklob plant
Aim: an oklob plant (severely damaged, durably summoned, 98% to hit)
You shoot an arrow.
The arrow hits the oklob plant but does no damage.
The oklob plant is severely damaged.
Fire: a) +0 shortbow
Press: ? - help, Q - select action, (/) - cycle Shift-Dir - straight line, f/p - oklob plant
Aim: an oklob plant (severely damaged, durably summoned, 98% to hit)
You shoot an arrow.
The arrow hits the oklob plant but does no damage.
The oklob plant is severely damaged.
The oklob plant spits acid at you. The splash of acid hits you!
* * * LOW HITPOINT WARNING * * *
The acid corrodes you!
Fire: a) +0 shortbow
Press: ? - help, Q - select action, (/) - cycle Shift-Dir - straight line, f/p - oklob plant
Aim: an oklob plant (severely damaged, durably summoned, 98% to hit)
You shoot an arrow.
The arrow hits the oklob plant but does no damage.
The oklob plant is severely damaged.
Fire: a) +0 shortbow
Press: ? - help, Q - select action, (/) - cycle Shift-Dir - straight line, f/p - oklob plant
Aim: an oklob plant (severely damaged, durably summoned, 98% to hit)
You shoot an arrow. The arrow hits the oklob plant.
The oklob plant is severely damaged.
Fire: a) +0 shortbow
Press: ? - help, Q - select action, (/) - cycle Shift-Dir - straight line, f/p - oklob plant
Aim: an oklob plant (severely damaged, durably summoned, 98% to hit)
You shoot an arrow. The arrow hits the oklob plant!
The oklob plant is severely damaged.
The oklob plant spits acid at you. The splash of acid hits you!!
You die...

### ..# #.# #.####
### #.... .... #..#
.....
#.#####.P####).....
#..)†.<...)♣))....†
#############.f....
..(.. .... ... .# #


You could see an oklob plant and a wandering mushroom.

Vanquished Creatures
  Natasha (thrice) (D:2)
  2 orc wizards (D:3)
  Robin (D:3)
  An adder (D:2)
  A worm (D:2)
  3 dart slugs
  3 orcs (D:3)
  5 ball pythons
  3 bats
  9 endoplasms
  3 giant cockroaches
  10 goblins
  6 hobgoblins
  2 jackals (D:1)
  A kobold (D:2)
  A quokka (D:2)
  2 frilled lizards
  2 rats (D:1)
58 creatures vanquished.

Vanquished Creatures (others)
  A ballistomycete spore (D:2)
1 creature vanquished.

Grand Total: 59 creatures vanquished

Notes
Turn   | Place    | Note
-------+----------+-------------------------------------------
     0 | D:1      | Darkkill the Minotaur Hunter began the quest for the Orb.
     0 | D:1      | Reached XP level 1. HP: 18/18 MP: 0/0
    36 | D:1      | Reached skill level 1 in Stealth
   100 | D:1      | Found a faded altar of an unknown god.
   151 | D:1      | Reached XP level 2. HP: 25/25 MP: 1/1
   178 | D:1      | Prayed at the altar of an unknown god.
   178 | D:1      | Became a worshipper of Fedhas Madash
   178 | D:1      | Reached * piety under Fedhas
   179 | D:1      | Fell from the grace of Fedhas
   896 | D:2      | Reached XP level 3. HP: 31/31 MP: 2/2
  1170 | D:2      | Noticed Natasha
  1178 | D:2      | Killed Natasha
  1179 | D:2      | Reached XP level 4. HP: 24/38 MP: 3/3
  1218 | D:2      | Noticed Natasha
  1223 | D:2      | Killed Natasha
  1224 | D:2      | Reached skill level 5 in Ranged Weapons
  1353 | D:2      | Noticed Natasha
  1359 | D:2      | Killed Natasha
  1541 | D:2      | Reached skill level 9 in Ranged Weapons
  1541 | D:2      | Reached skill level 5 in Stealth
  1541 | D:2      | Reached XP level 5. HP: 52/52 MP: 4/4
  1542 | D:2      | Reached skill level 11 in Ranged Weapons
  1542 | D:2      | Reached XP level 6. HP: 62/62 MP: 5/5
  1567 | D:3      | Noticed Robin
  1574 | D:3      | Reached XP level 7. HP: 55/69 MP: 6/6
  1608 | D:3      | Killed Robin
  1733 | D:3      | Noticed an oklob plant
  1733 | D:3      | Noticed a wandering mushroom
  1742 | D:3      | HP: 9/69 [oklob plant/splash of acid[the enmity of Fedhas
                  | Madash] (27)]
  1749 | D:3      | HP: 1/103 [oklob plant/splash of acid[the enmity of Fedhas
                  | Madash] (8)]
  1752 | D:3      | Killed from afar by an oklob plant

Illustrated notes

Levels and vault maps discovered:
D:1:      minmay_arrival_stone_box, layout_basic,
          chequers_ecumenical_altar_grove
D:2:      layout_loops_ring, uniq_natasha
D:3:      layout_loops_ring, mainiacjoe_overflow_tiny_flanked,
          nicolae_ru_sacrificial_ziggurat, ebering_ghost_disaster_area,
          uniq_terence, uniq_robin

Skill      XL: |  1  2  3  4  5 |
---------------+----------------+-----
Stealth        | 1 5 6 |  6.2
Fighting       | 3 7 8 |  8.6
Dodging        | 3 6 7 |  7.9
Ranged Weapons | 9 11 | 11.2

Action                     |  1- 3 |  4- 6 |  7- 9 || total
---------------------------+-------+-------+-------++-------
   Fire: Shortbow          |   101 |    35 |    56 ||   192
 Invoke: Renounce Religion |     1 |       |       ||     1
    Use: Scroll            |     4 |     2 |       ||     6
         Potion            |       |     2 |     2 ||     4
 Armour: Leather armour    |     2 |     4 |     8 ||    14
  Dodge: Dodged            |    14 |     5 |    17 ||    36

Table legend: (Time is in decaauts)
 A = Elapsed time spent in this place.
 B = Non-inter-level travel time spent in this place.
 C = Inter-level travel time spent in this place.
 D = Time resting spent in this place.
 E = Time spent auto-exploring this place.
 F = Levels seen in this place.
 G = Mean time per level.
                   A        B        C        D        E       F      G
               +--------+--------+--------+--------+--------+-----+--------+
         Total |   1791 |   1712 |     79 |     29 |   1377 |   3 |  597.0 |
       Dungeon |   1791 |   1712 |     79 |     29 |   1377 |   3 |  597.0 |
               +--------+--------+--------+--------+--------+-----+--------+

Top non-repeatable levels by time:
     D:1: 811 daAuts
     D:2: 774 daAuts
     D:3: 205 daAuts

Table legend:
 A = Kills in this place as a percentage of kills in the entire game.
 B = Kills by you in this place as a percentage of kills by you in the entire game.
 C = Kills by friends in this place as a percentage of kills by friends in the entire game.
 D = Other kills in this place as a percentage of other kills in the entire game.
 E = Experience gained in this place as a percentage of experience gained in the entire game.
 F = Experience gained in this place divided by the number of levels of this place that you have seen.
                   A       B       C       D       E      F
               +-------+-------+-------+-------+-------+----------------------
         Total | 100.0 | 100.0 |   N/A |   N/A | 100.0 | 102.3
       Dungeon | 100.0 | 100.0 |   N/A |   N/A | 100.0 | 102.3
               +-------+-------+-------+-------+-------+----------------------
